 Dungeon Crawl Stone Soup version bcrawl-1.37.2 (webtiles) character file.

Game seed: 14204057903182912664

91598 Heedrag the Conjurer (level 1, 11/11 HPs)
             Began as a Fairy Conjurer on Jan 5, 2023.
             Quit the game on level 1 of the Dungeon.
             The game lasted 00:00:37 (36 turns).

Heedrag the Conjurer (Fairy Conjurer)                 Turns: 36, Time: 00:00:38

Health: 11/11      AC:  3    Str:  6    XL:     1   Next: 80%
Magic:  6/6        EV: 16    Int: 18    God:
Gold:   0          SH:  3    Dex: 12    Spells: 4/5 levels left

rFire    . . .     GDR:     24%   - Fists (2.6)
rCold    . . .     SeeInvis .   (shield restricted)
rNeg     . . .     Gourm    .   (armour unavailable)
rPois    .         Faith    .   (no helmet)
rElec    .         Spirit   .   (no cloak)
rCorr    .         Reflect  .   (no gloves)
MR       .....                  (no boots)
Stlth    +.........             (no amulet)
HPRegen  0.11/turn              (no ring)
MPRegen  0.10/turn              (no ring)

@: flying evasively
A: small, magic attunement, unstealthy, unfitting armour, able to fly, AC/SH +3
a: Stop Flying


You were on level 1 of the Dungeon.
You were not hungry.

You visited 1 branch of the dungeon, and saw 1 of its levels.

Inventory:

Potions
 b - a potion of magic
Comestibles
 a - a chunk of flesh
 e - a ration {!d!d}


   Skills:
 - Level 2.6 Dodging
 - Level 1.5 Stealth
 + Level 2.9 Spellcasting
 * Level 5.1 Conjurations


You had 4 spell levels left.
You knew the following spells:

 Your Spells              Type           Power        Failure   Level  Hunger
a - Magic Dart            Conj           ###.         1%          1    None

Your spell library contained the following spells:

 Spells                   Type           Power        Failure   Level  Hunger
 Searing Ray              Conj           ###.....     3%          2    None
 Iskenderun's Mystic Bla  Conj           ###.....     6%          3    None
 Fulminant Prism          Conj/Hex       ##........   50%         4    None
 Irradiate                Conj/Tmut      ##........   85%         5    None


Dungeon Overview and Level Annotations

Branches:
Dungeon (1/12)

Altars:


Innate Abilities, Weirdness & Mutations

Your spells do not cause hunger and MP costs are reduced by 1.
Your bright wings attract enemies. (Stealth-)
You cannot fit into any form of body armour.
Your shimmering scales are hard and can block incoming attacks. (AC +3, SH +3)
You are small and have problems with some larger weapons.
You can fly continuously.


Message History

You hit the dart slug. You hit the dart slug. The dart slug closely misses you.
You hit the dart slug but do no damage.
The dart slug bites you but does no damage.
You hit the dart slug. You hit the dart slug but do no damage.
You block the dart slug's attack.
You hit the dart slug.
You kill the dart slug!
No target in view!
Quiver which item? (- for none, * to show all) (? for menu, Esc to quit)
Okay, then.
Okay, then.
You don't know that spell.
Okay, then.
You don't know that spell.
Okay, then.
Okay, then.
You butcher the dart slug corpse.
a - a chunk of flesh A hobgoblin comes into view.
It is wielding a +0 club.
The hobgoblin shouts!
You hear a shout!
A hobgoblin is nearby!
A hobgoblin is nearby!
No path to travel!
Aim: a hobgoblin, wielding a +0 club You miscast Magic Dart.
You are very lightly contaminated with residual magic.
Nothing appears to happen.
Aim: a hobgoblin, wielding a +0 club The magic dart hits the hobgoblin.
A kobold comes into view.
Aim: a hobgoblin, wielding a +0 club (severely wounded)
The magic dart hits the hobgoblin but does no damage.
Okay, then.
Okay, then.
Okay, then.
Aim: a hobgoblin, wielding a +0 club (severely wounded)
The magic dart hits the hobgoblin.
You kill the hobgoblin!
Your Conjurations skill increases to level 5!
No path to travel!
Aim: a kobold The magic dart hits the kobold.
The kobold misses you.
Aim: a kobold (severely wounded)
The magic dart hits the kobold.
You kill the kobold!
Your magical contamination has completely faded away.
No path to travel!
No path to travel!
No path to travel!

#>##### #....<#
#.##### #'# #.#
...####.#
........#### #
.########...###..#.
.......@)..........
#########...######.
#####


There were no monsters in sight!

Vanquished Creatures
  A dart slug (D:1)
  A hobgoblin (D:1)
  A kobold (D:1)
3 creatures vanquished.

Notes
Turn   | Place    | Note
-------+----------+-------------------------------------------
     0 | D:1      | Heedrag the Fairy Conjurer began the quest for the Orb.
     0 | D:1      | Reached XP level 1. HP: 11/11 MP: 6/6
    34 | D:1      | Reached skill level 5 in Conjurations
    36 | D:1      | Quit the game

Skill      XL: |  1 |
---------------+----+-----
Conjurations   | 5 |  5.1
Dodging        | |  2.6
Stealth        | |  1.5
Spellcasting   | |  2.9

Action                   || total
-------------------------++-------
Melee: Unarmed           ||     9
 Cast: Magic Dart        ||     5
Armor: Skin              ||     1
Dodge: Dodged            ||     5
Block: Other             ||     2
